Map: [ESL] Royal Blood

Players

MaSa

  • Race: Terran Terran
  • Spawn Location: 1:00

SpeCial - Winner!

  • Race: Terran Terran
  • Spawn Location: 7:00

Event: ESL SC2 Masters 2023 Summer (Regionals)

VOD

Have the link to the VOD?

Description

Time

  • Played on: May 12, 2023, 2:10 p.m.
  • Length: 12:22

All games in this series

Show
View Real Time Build Order
Export as new Build Order

MaSa Terran 

Build Orders:  

Get SALT Encoding   

  12  0:00  SCV  
  13  0:12  SCV  
  14  0:17  Supply Depot  
  14  0:24  SCV  
  15  0:39  SCV  
  15  0:40  Barracks  
  16  0:47  Refinery  
  16  0:57  Barracks  
  16  1:01  SCV  
  17  1:07  Refinery  
  17  1:13  SCV  
  18  1:30  Reaper  
  18  1:31  Orbital Command  
  19  1:44  Barracks Tech Lab  
  19  1:48  Supply Depot  
  19  1:56  SCV  
  20  2:02  Marauder  
  20  2:05  Reaper  
  20  2:07  Concussive Shells  
  23  2:11  SCV  
  24  2:24  SCV, Marauder  
  27  2:31  Supply Depot  
  27  2:36  Factory  
  27  2:47  Reaper  
  27  2:48  Marauder  
  27  2:49  SCV  
  31  3:05  SCV  
  32  3:14  Marauder  
  32  3:19  SCV  
  35  3:21  Factory Tech Lab  
  35  3:35  Command Center  
  31  3:48  SCV  
  31  3:51  Marauder  
  31  3:53  Barracks Reactor  
  33  4:01  Cyclone  
  33  4:02  SCV  
  33  4:12  Marauder  
  33  4:13  Stimpack  
  33  4:16  SCV  
  36  4:27  Starport  
  36  4:29  SCV  
  36  4:31  Marine x2  
  39  4:47  Orbital Command, Cyclone  
  39  4:52  Marine x2, Refinery  
  42  4:54  SCV  
  45  5:08  SCV, Starport Tech Lab  
  45  5:09  Medivac  
  45  5:10  Marine  
  45  5:12  Marine  
  45  5:13  SCV  
  51  5:19  Siege Tank  
  54  5:23  Supply Depot  
  54  5:26  SCV x2  
  54  5:28  Marine  
  57  5:38  SCV  
  57  5:39  Starport Tech Lab  
  57  5:42  Barracks, SCV  
  59  5:47  Supply Depot  
  59  5:49  Barracks  
  59  5:52  Marine  
  59  5:55  SCV  
  61  5:57  Marine  
  61  6:00  Combat Shield  
  62  6:07  Siege Tank  
  65  6:14  Marine  
  65  6:15  Marine  
  60  6:26  Raven  
  59  6:39  SCV  
  38  7:06  SCV, Marine x2  
  40  7:15  SCV, Engineering Bay  
  41  7:18  SCV  
  41  7:24  Marine x2  
  41  7:27  SCV  
  37  7:30  SCV  
  36  7:39  SCV  
  36  7:42  Raven, Marine x2, SCV  
  36  7:44  Command Center  
  40  7:56  Barracks  
  40  7:57  Barracks  
  40  8:00  Marine x2  
  40  8:01  Terran Infantry Weapons Level 1, SCV  
  42  8:10  Siege Tank  
  45  8:13  SCV  
  45  8:15  SCV  
  47  8:26  SCV  
  48  8:27  SCV  
  49  8:34  Barracks Reactor  
  49  8:38  SCV, Medivac  
  49  8:39  SCV  
  53  8:42  Siege Tank  
  55  8:50  SCV  
  55  8:51  SCV  
  55  8:54  Barracks Reactor x2  
  57  9:02  SCV  
  59  9:03  SCV  
  59  9:04  Orbital Command  
  59  9:10  Engineering Bay  
  59  9:14  SCV  
  59  9:15  SCV  
  59  9:17  Marine x2  
  58  9:20  Medivac  
  62  9:25  Medivac  
  62  9:26  SCV  
  65  9:33  SCV  
  65  9:34  Marine x2  
  65  9:37  SCV  
  68  9:38  SCV  
  68  9:41  Marine x2  
  71  9:46  SCV  
  71  9:47  Marine x2  
  74  9:55  SCV, Marine  
  74  9:56  Orbital Command, Marine, Siege Tank  
  74  9:58  SCV  
  81  10:02  Viking  
  83  10:07  SCV  
  83  10:08  Marine x2  
  83  10:09  Marine x2  
  88  10:17  SCV  
  88  10:18  Terran Infantry Armor Level 1  
  88  10:21  Armory  
  89  10:22  Marine x2  
  89  10:23  SCV  
  89  10:26  Marine  
  89  10:28  Refinery  
  93  10:33  Supply Depot  
  93  10:35  Supply Depot  
  93  10:55  Marine x2, Medivac x2, SCV x2  
  93  10:56  Marine  
  93  10:57  SCV  
  103  11:07  Marine, SCV x2  
  106  11:11  Supply Depot  
  106  11:12  SCV, Supply Depot  
  102  11:24  Marine x3  
  102  11:25  Siege Tank  
  97  11:27  SCV  
  97  11:32  SCV  
  77  11:35  Marine x3, SCV  
  73  11:45  SCV x2  
  73  11:46  Medivac x2  
  78  11:48  SCV  
  78  11:49  Marine x2  
  78  11:51  Marine  
  82  11:56  Sensor Tower  
  82  11:57  SCV  
  82  12:00  Marine x2  
  82  12:01  Marine  
  86  12:02  SCV x2  
  89  12:09  SCV  
Show
View Real Time Build Order
Export as new Build Order

SpeCial Terran - Winner!

Build Orders:  

Get SALT Encoding   

  12  0:00  SCV  
  13  0:12  SCV  
  14  0:17  Supply Depot  
  14  0:24  SCV  
  15  0:38  SCV  
  15  0:40  Barracks  
  16  0:42  Refinery  
  16  0:50  SCV  
  17  0:58  Barracks  
  17  1:02  SCV  
  18  1:10  Refinery  
  18  1:15  SCV  
  19  1:27  Reaper  
  19  1:30  Orbital Command  
  20  1:38  Supply Depot  
  20  1:46  Reaper  
  21  1:57  SCV  
  21  1:59  Reaper  
  23  2:09  SCV  
  24  2:17  Factory  
  24  2:22  SCV  
  25  2:26  Reaper  
  25  2:31  Reaper  
  25  2:34  SCV  
  27  2:39  Supply Depot  
  27  2:46  SCV  
  27  2:58  SCV, Reaper  
  29  3:01  Factory Tech Lab  
  29  3:03  Command Center, Reaper  
  30  3:19  Supply Depot  
  33  3:20  Cyclone  
  33  3:25  SCV  
  29  3:41  SCV  
  29  3:44  Reaper  
  30  3:53  SCV  
  29  4:06  Cyclone  
  29  4:08  SCV  
  32  4:12  Reaper  
  33  4:21  Orbital Command  
  33  4:30  Starport  
  33  4:35  SCV  
  34  4:42  Barracks Reactor  
  34  4:43  Orbital Command, Siege Tank  
  37  4:47  SCV  
  38  4:59  SCV  
  39  5:05  Barracks Tech Lab  
  38  5:07  Medivac  
  38  5:09  SCV  
  38  5:11  SCV  
  42  5:19  Marine x2  
  42  5:21  SCV, Supply Depot  
  45  5:23  SCV  
  45  5:25  Marine  
  47  5:33  SCV  
  47  5:36  SCV  
  47  5:37  Marine  
  47  5:41  Marine  
  50  5:42  Marine  
  50  5:43  Siege Tank  
  50  5:45  SCV  
  50  5:47  Supply Depot  
  50  5:48  SCV  
  56  5:53  Engineering Bay  
  56  5:56  Starport Reactor  
  56  5:57  SCV  
  56  5:59  Marine  
  56  6:00  SCV, Refinery  
  56  6:01  Marine  
  60  6:09  SCV  
  60  6:10  Supply Depot  
  61  6:12  Marine, SCV  
  61  6:17  Marine  
  64  6:21  SCV  
  64  6:23  Marine  
  64  6:25  SCV  
  64  6:26  Siege Tank  
  64  6:31  Marine  
  68  6:34  SCV  
  68  6:35  Marine  
  67  6:40  Marine  
  55  6:47  Viking  
  55  6:48  Viking  
  55  6:49  Marine  
  55  6:53  Marine  
  54  6:56  SCV  
  54  6:58  Marine  
  50  7:07  Marine, Siege Tank  
  48  7:10  Marine  
  48  7:14  SCV x2  
  50  7:16  Terran Infantry Weapons Level 1, Marine  
  50  7:27  Barracks Tech Lab  
  50  7:28  Marine  
  47  7:32  SCV x2  
  47  7:36  Barracks, Marine  
  50  7:40  Siege Tank  
  52  7:44  SCV x2  
  52  7:46  Marine, Barracks Tech Lab  
  55  7:54  Marine  
  56  7:59  SCV x2  
  56  8:00  Bunker  
  56  8:04  Marine  
  59  8:06  Stimpack, Marine  
  59  8:11  SCV x2  
  59  8:12  Marine  
  63  8:19  Siege Tank  
  66  8:20  Supply Depot  
  66  8:22  Marine  
  66  8:26  Barracks, Marine, Starport Reactor  
  68  8:27  Barracks  
  68  8:30  Marine  
  68  8:33  SCV x2  
  68  8:38  Marine x2  
  68  8:40  Marine, Missile Turret  
  71  8:44  Marine  
  71  8:48  Marine  
  73  8:50  SCV  
  73  8:51  SCV, Siege Tank  
  78  8:56  Marine  
  78  8:57  Marine  
  78  9:00  Marine  
  78  9:02  Marine, Viking  
  81  9:03  SCV, Viking  
  86  9:11  Supply Depot  
  86  9:12  Supply Depot  
  86  9:23  Barracks Reactor  
  86  9:24  Barracks Tech Lab  
  86  9:31  Refinery  
  86  9:32  Marine x5  
  86  9:33  SCV x2  
  92  9:44  Marine  
  92  9:45  SCV x2, Medivac, Combat Shield  
  95  9:47  Medivac  
  95  9:50  Marine x3  
  102  9:55  Marine x2  
  101  10:02  Marine  
  102  10:29  Supply Depot  
  102  10:30  Marine x8, Supply Depot  
  110  10:49  Marine  
  110  10:51  Marine x7, Medivac x2  
  110  10:52  Siege Tank  
  123  11:07  Marine  
  123  11:08  Marine x2  
  126  11:11  Supply Depot  
  126  11:16  Marine  
  126  11:17  Marine  
  126  11:23  Marine  
  126  11:24  Siege Tank  
  126  11:25  Marine  
  123  11:26  Marine x2  
  99  11:34  Marine  
  99  11:35  Marine  
  101  11:40  Marine  
  101  11:42  Marine  
  101  11:44  Marine x2  
  102  11:52  Marine  
  102  11:53  Barracks, Marine  
  104  11:58  Marine  
  104  12:00  Marine  
  110  12:02  Marine x2  
Tags
 
Add a new tag
Caveats
  • Supply blocks, unpowered buildings, or Contaminate may cause inaccurate times.
  • Supply counts are checked every 10 seconds.